 Dungeon Crawl Stone Soup version 0.14.2 (webtiles) character file.

1 Amnesiac the Charlatan (level 1, -1/9 HPs)
             Began as a Spriggan Artificer on Feb 10, 2018.
             Slain by a kobold
             ... wielding a +0,+0 dagger
              (3 damage)
             ... on Level 1 of the Dungeon.
             The game lasted 00:00:11 (42 turns).

Amnesiac the Charlatan (Spriggan Artificer)           Turns: 42, Time: 00:00:11

HP  -1/9         AC  2     Str  7      XL: 1   Next: 16%
MP   2/2         EV 18     Int 13      God:
Gold 0           SH  0     Dex 16      Spells:  0 memorised,  0 levels left

rFire  . . .     SeeInvis +     g - -1,+0 dagger (curse)
rCold  . . .     Clarity  .     e - +0 robe
rNeg   . . .     Conserve .     (shield restricted)
rPois  .         rCorr    .     (helmet restricted)
rElec  .         rRot     .     (no cloak)
SustAb . .       Spirit   .     (gloves unavailable)
rMut   .         Warding  .     (boots unavailable)
Saprov . . .     Stasis   .     (no amulet)
MR     .....                    (no ring)
                                (no ring)

@: very quick, not resistant to hostile enchantments, fairly stealthy
A: unfitting armour, see invisible, herbivore 3, speed 3, slow metabolism 2
a: no special abilities


You were on level 1 of the Dungeon.
You were not hungry.

You visited 1 branch of the dungeon, and saw 1 of its levels.

Inventory:

Hand weapons
 a - a +0,+0 short sword
 g - a cursed -1,+0 dagger (weapon)
Armour
 e - a +0 robe (worn)
Magical devices
 b - a wand of flame (15)
 c - a wand of enslavement (15)
 d - a wand of random effects (15)
Potions
 f - a potion of porridge {!q}


   Skills:
 + Level 0.7 Fighting
 - Level 1.1 Short Blades
 + Level 3.0 Dodging
 - Level 1.5 Stealth
 * Level 4.1 Evocations


You couldn't memorise any spells.
You didn't know any spells.

Dungeon Overview and Level Annotations

Branches:
Dungeon (1/15)

Altars:


Innate Abilities, Weirdness & Mutations

You are tiny and cannot use many weapons and most armour.
You have supernaturally acute eyesight.
You are a herbivore.
You cover ground extremely quickly.
You need consume almost no food.


Message History

Found a staircase leading out of the dungeon.
As you open the large door, it creaks loudly!
Found a runed dagger.
There is a large open door here. 2 kobolds come into view.
The kobold shouts! x2
The kobold throws a dart.
The dart hits you!
You see here a dart.
You see here a runed dagger.
g - a runed dagger Wield which item (- for none, * to show all)? (? for menu, Esc to quit)
It sticks to your hand!
g - a cursed -1,+0 dagger (weapon)
The kobold misses you.
You closely miss the kobold. The kobold closely misses you.
The kobold throws a dart.
The dart hits you!
You hit the kobold.
The kobold is moderately wounded.
The kobold misses you.
You closely miss the kobold.
The kobold is moderately wounded.
The kobold closely misses you.
You hit the kobold.
The kobold is severely wounded.
The kobold hits you with a short sword. The kobold barely misses you.
You barely miss the kobold.
The kobold is severely wounded.
The kobold barely misses you. x2
You closely miss the kobold.
The kobold is severely wounded.
The kobold closely misses you. The kobold barely misses you.
You hit the kobold.
You kill the kobold!
You hit the kobold but do no damage. The kobold misses you.
You hit the kobold.
The kobold is heavily wounded.
The kobold closely misses you.
You hit the kobold but do no damage.
The kobold is heavily wounded.
The kobold completely misses you.
You barely miss the kobold.
The kobold is heavily wounded.
The kobold closely misses you.
You hit the kobold.
The kobold is severely wounded.
The kobold hits you but does no damage.
You hit the kobold but do no damage.
The kobold is severely wounded.
The kobold hits you with a dagger.
* * * LOW HITPOINT WARNING * * *
You are too injured to fight recklessly!
You are too injured to fight recklessly!
You are too injured to fight recklessly!
You are too injured to fight recklessly!
You hit the kobold but do no damage.
The kobold is heavily wounded.
The kobold misses you.
You barely miss the kobold.
The kobold is heavily wounded.
The kobold completely misses you.
You hit the kobold.
The kobold is almost dead.
The kobold hits you with a dagger.
You die...

. ...# #. #..# #. #..#
. ##. #..# #..
..###..# #### ..
......# ##..#
#.##.#..########.#.#
#.#...K#......##...#.#
#.....@)(..####..<.#.#
###....#......'#...#.#
####.#.####.'####8.#
#...# #.#.####.# #####
####....## ######


You could see a kobold.

Vanquished Creatures
  A kobold (D:1)
1 creature vanquished.

Notes
Turn   | Place    | Note
--------------------------------------------------------------
     0 | D:1      | Amnesiac, the Spriggan Artificer, began the quest for the Orb.
     0 | D:1      | Reached XP level 1. HP: 9/9 MP: 2/2
    42 | D:1      | Slain by a kobold

Action                   || total
-------------------------++-------
Melee: Dagger            ||    16
